 Dungeon Sprint DCSS version bcrawl-1.21.3-16-g7f46a08de7 (webtiles) character file.

Game seed: 3074725159909828130

25 Dyss the Destroyer (level 3, -2/21 HPs)
             Began as a Fairy Conjurer on Apr 28, 2020.
             Slain by an ogre
             ... wielding a +0 giant spiked club
              (22 damage)
             ... in the Dungeon (Sprint I: "Red Sonja").
             The game lasted 00:00:41 (69 turns).

Dyss the Destroyer (Fairy Conjurer)                   Turns: 69, Time: 00:00:42

Health: -2/21      AC:  4    Str:  6    XL:     3   Next: 4%
Magic:  5/9        EV: 16    Int: 19    God:
Gold:   0          SH:  4    Dex: 12    Spells: 3/7 levels left

rFire    . . .     SeeInvis .   (weapon restricted)
rCold    . . .     Gourm    .   (shield restricted)
rNeg     . . .     Faith    .   (armour unavailable)
rPois    .         Spirit   .   (no helmet)
rElec    .         Reflect  .   (no cloak)
rCorr    .         Harm     .   (no gloves)
MR       .....     NoTele   +   (no boots)
Stlth    +.........             (no amulet)
HPRegen  0.07/turn              (no ring)
MPRegen  0.11/turn              (no ring)

@: flying evasively
A: small, magic attunement, unstealthy, unfitting armour, able to fly, AC/SH +4
a: Stop Flying


You were in the Dungeon.
You were not hungry.

You visited 1 branch

Inventory:

Wands
 a - a wand of polymorph (4)
Scrolls
 h - a scroll of blinking
Potions
 b - 3 potions of magic
 c - a potion of heal wounds
 d - a potion of curing
 f - a potion of haste
Comestibles
 e - a ration {!d}


   Skills:
 - Level 2.6 Dodging
 - Level 1.5 Stealth
 - Level 2.6 Spellcasting
 + Level 8.5 Conjurations


You had 3 spell levels left.
You knew the following spells:

 Your Spells              Type           Power        Failure   Level  Hunger
a - Magic Dart            Conj           ####         1%          1    None
b - Iskenderun's Mystic   Conj           ####....     1%          3    None

Your spell library contained the following spells:

 Spells                   Type           Power        Failure   Level  Hunger
 Searing Ray              Conj           ####....     1%          2    None
 Fulminant Prism          Conj/Hex       ###.......   26%         4    None
 Irradiate                Conj/Tmut      ###.......   58%         5    None


Dungeon Overview and Level Annotations

Branches:
Dungeon (1/1)

Altars:


Innate Abilities, Weirdness & Mutations

Your spells do not cause hunger and MP costs are reduced by 1.
Your bright wings attract enemies. (Stealth-)
You cannot fit into any form of body armour.
Your shimmering scales are hard and can block incoming attacks. (AC +4, SH +4)
You are small and have problems with some larger weapons.
You can fly continuously.


Message History

You reach down and open the door.
An ogre comes into view. It is wielding a +0 giant spiked club.
The ogre shouts!
Casting: Magic Dart (safe; 1% risk of failure)
Confirm with . or Enter, or press ? or * to list all spells.
Aiming: Iskenderun's Mystic Blast (safe; 1% risk of failure)
Press: ? - help, Shift-Dir - straight line, f - ogre
Aim: an ogre, wielding a +0 giant spiked club The orb of energy hits the ogre!
The ogre is severely wounded.
The orb of energy explodes!
Casting: Iskenderun's Mystic Blast (safe; 1% risk of failure)
Confirm with . or Enter, or press ? or * to list all spells.
Aiming: Iskenderun's Mystic Blast (safe; 1% risk of failure)
Press: ? - help, Shift-Dir - straight line, f/p - ogre
Aim: an ogre, wielding a +0 giant spiked club (severely wounded)
The orb of energy misses the ogre.
The orb of energy explodes!
The ogre hits you with a +0 giant spiked club!!
Ouch! That really hurt!
You die...

##########
#<.#.@O..#
#..)..#..+
#..#### +#
#..# #..#
#..# #⌠⌠#
####


You could see an ogre.

Vanquished Creatures
  Ijyb (D)
1 creature vanquished.

Notes
Turn   | Place    | Note
-------+----------+-------------------------------------------
     0 | D        | Dyss the Fairy Conjurer began the quest for the Orb.
     0 | D        | Reached XP level 1. HP: 11/11 MP: 6/6
     1 | D        | Noticed Ijyb
    12 | D        | Killed Ijyb
    12 | D        | Reached skill level 8 in Conjurations
    12 | D        | Reached XP level 2. HP: 17/17 MP: 7/7
    12 | D        | Reached XP level 3. HP: 21/21 MP: 9/9
    67 | D        | Learned a level 3 spell: Iskenderun's Mystic Blast
    67 | D        | Noticed an ogre
    69 | D        | Slain by an ogre

Skill      XL: |  1 |
---------------+----+-----
Conjurations   | 8 |  8.5
Dodging        | |  2.6
Stealth        | |  1.5
Spellcasting   | |  2.6

Action                   || total
-------------------------++-------
Melee: Unarmed           ||     6
 Cast: Magic Dart        ||     4
       Iskenderun's Myst ||     2
  Use: Potion            ||     1
Dodge: Dodged            ||     1
